 Dungeon Crawl Stone Soup version 0.30.0-5-g1a98f26d00 (webtiles) character file.

Game seed: 6398202154974802914

530 Irreverend the Slasher (level 7, -4/61 HPs)
             Began as a Minotaur Fighter on May 8, 2023.
             Slain by Edmund
             ... wielding a +2 flail of protection
              (6 damage)
             ... on level 5 of the Dungeon.
             The game lasted 00:03:55 (2863 turns).

Irreverend the Slasher (Minotaur Fighter)           Turns: 2863, Time: 00:03:56

Health: -4/61      AC:  8    Str: 23    XL:     7   Next: 3%
Magic:  6/6        EV:  9    Int:  5    God:
Gold:   159        SH:  4    Dex:  9    Spells: 6/6 levels left

rFire   . . .        a - +0 long sword
rCold   . . .        c - +0 buckler
rNeg    . . .        b - +0 scale mail
rPois   .            (helmet restricted)
rElec   .            j - +0 cloak
rCorr   .            (no gloves)
SInv    .            (no boots)
Will    .....        (no amulet) Stlth
                     q - ring of flight
HPRegen 0.30/turn    (no ring)
MPRegen 0.10/turn

%: no passive effects
@: mighty, flying
A: horns 2, retaliatory headbutt
a: no special abilities


You were on level 5 of the Dungeon.
You visited 1 branch of the dungeon, and saw 5 of its levels.

You collected 159 gold pieces.

Inventory:

Hand Weapons
 a - a +0 long sword (weapon)
Armour
 b - a +0 scale mail (worn)
 c - a +0 buckler (worn)
 h - a +0 tower shield
 j - a +0 cloak (worn)
Jewellery
 o - a ring of flight
 q - a ring of flight (left hand)
Wands
 p - a wand of acid (10)
Scrolls
 e - a scroll of blinking {unknown}
 k - 2 scrolls of teleportation {unknown}
 m - a scroll of identify {unknown}
 n - a scroll of magic mapping {unknown}
 s - a scroll of enchant armour {unknown}
 t - a scroll of summoning {unknown}
Potions
 d - 2 potions of might
 f - 2 potions of heal wounds {unknown}
 g - 3 potions of curing {unknown}
 i - 2 potions of cancellation {unknown}
 l - 2 potions of magic {unknown}
 r - a potion of degeneration {unknown}


   Skills:
 + Level 5.4 Fighting
 * Level 6.0 Long Blades
 + Level 5.3 Armour
 + Level 5.4 Shields


You had 6 spell levels left.
You didn't know any spells.
Your spell library contained the following spells:

 Spells                   Type           Power      Damage    Failure   Level
 Freeze                   Ice            0%         1d3       83%         1
 Ensorcelled Hibernation  Hex/Ice        0%         N/A       92%         2
 Passwall                 Tmut/Erth      0%         N/A       92%         2
 Frozen Ramparts          Ice            0%         1d1       99%         3
 Hailstorm                Conj/Ice       0%         3d3       99%         3
 Swiftness                Air            0%         N/A       99%         3


Dungeon Overview and Level Annotations

Branches:
Dungeon (5/15)
 Temple: D:4-7

Altars:
Fedhas
Hepliaklqana
Makhleb
Sif Muna
Trog
Xom
Zin

Annotations:
D:5 Edmund


Innate Abilities, Weirdness & Mutations

You have a pair of horns on your head.
You reflexively headbutt those who attack you in melee.


Message History

You are too injured to fight recklessly!
You are too injured to fight recklessly!
You are too injured to fight recklessly!
You are too injured to fight recklessly!
You are too injured to fight recklessly!
You are too injured to fight recklessly!
You are too injured to fight recklessly!
You are too injured to fight recklessly!
You are too injured to fight recklessly!
You are too injured to fight recklessly!
You are too injured to fight recklessly!
You are too injured to fight recklessly!
You are too injured to fight recklessly!
Edmund hits you with a +2 flail of protection.
You hit Edmund but do no damage.
Edmund is lightly wounded.
Edmund barely misses you.
You hit Edmund. You headbutt Edmund, but do no damage.
Edmund is moderately wounded.
Edmund closely misses you.
Edmund hits you with a +2 flail of protection!
* * * LOW HITPOINT WARNING * * *
You closely miss Edmund.
Edmund is moderately wounded.
Edmund hits you with a +2 flail of protection.
* * * LOW HITPOINT WARNING * * *
You hit Edmund.
Edmund is moderately wounded.
Edmund hits you with a +2 flail of protection!
* * * LOW HITPOINT WARNING * * *
You feel very mighty all of a sudden. Edmund closely misses you.
You hit Edmund.
Edmund is heavily wounded.
Edmund hits you with a +2 flail of protection.
* * * LOW HITPOINT WARNING * * *
You closely miss Edmund. Your headbutt misses Edmund.
Edmund is heavily wounded.
Edmund hits you with a +2 flail of protection.
You die...

..........#
.....(...<#######
................#
................#
................#
................# .
................#####...
##############..........
#.@@$...... #..........
#.......... #..........
#......#### #......#
#......# #......#


You could see Edmund.

Vanquished Creatures
  Sigmund (D:2)
  A black bear (D:4)
  2 phantoms
  An iguana (D:4)
  2 adders
  2 worms
  2 dart slugs (D:1)
  3 orcs
  4 endoplasms
  4 giant cockroaches
  8 goblins
  8 hobgoblins
  4 jackals
  3 quokkas
  9 ball pythons
  4 bats
  4 frilled lizards
  4 kobolds
  7 rats
73 creatures vanquished.

Notes
Turn   | Place    | Note
-------+----------+-------------------------------------------
     0 | D:1      | Irreverend the Minotaur Fighter began the quest for the
                  | Orb.
     0 | D:1      | Reached XP level 1. HP: 19/19 MP: 0/0
    92 | D:1      | Reached XP level 2. HP: 27/27 MP: 1/1
   107 | D:1      | Reached skill level 3 in Long Blades
   272 | D:1      | Reached XP level 3. HP: 33/33 MP: 2/2
   943 | D:2      | Noticed Sigmund
   950 | D:2      | Killed Sigmund
   951 | D:2      | Reached skill level 4 in Long Blades
   951 | D:2      | Reached XP level 4. HP: 38/41 MP: 3/3
   951 | D:2      | Reached XP level 5. HP: 44/47 MP: 4/4
   986 | D:2      | You fall into a shaft and drop 1 floor!
  1478 | D:3      | Found a bloodstained altar of Trog.
  1501 | D:3      | Found a faded altar of an unknown god.
  2031 | D:4      | Reached skill level 5 in Long Blades
  2295 | D:4      | Reached XP level 6. HP: 52/55 MP: 5/5
  2309 | D:4      | Reached skill level 5 in Fighting
  2309 | D:4      | Reached skill level 5 in Armour
  2309 | D:4      | Reached skill level 5 in Shields
  2725 | D:5      | Entered Level 5 of the Dungeon
  2732 | D:5      | Reached skill level 6 in Long Blades
  2732 | D:5      | Reached XP level 7. HP: 61/61 MP: 6/6
  2796 | D:5      | Found a glowing silver altar of Zin.
  2799 | D:5      | Found a hazy altar of Hepliaklqana.
  2800 | D:5      | Found a shimmering altar of Xom.
  2800 | D:5      | Found a burning altar of Makhleb.
  2801 | D:5      | Found a blossoming altar of Fedhas.
  2803 | D:5      | Found a shimmering blue altar of Sif Muna.
  2843 | D:5      | Noticed Edmund
  2862 | D:5      | HP: 2/61 [Edmund/+2 flail of protection (3)]
  2863 | D:5      | Slain by Edmund

Illustrated notes

Levels and vault maps discovered:
D:1:      scummos_arrival_star, layout_rooms, minmay_heptomino_w4
D:2:      layout_basic, roderic_lattice_a, uniq_sigmund
D:3:      layout_loops_ring, mainiacjoe_overflow_tiny_flanked,
          shapermc_ecumenical_altar_pompeii
D:4:      layout_basic
D:5:      layout_gridville, minitemple, old_standard_altar, serial_shops,
          nicolae_shop_mannequins, uniq_edmund

Skill      XL: |  1  2  3  4  5  6 |
---------------+-------------------+-----
Long Blades    | 3 4 5 6 |  6.0
Fighting       | 4 5 |  5.4
Shields        | 4 5 |  5.4
Armour         | 4 5 |  5.3

Action                     |  1- 3 |  4- 6 |  7- 9 || total
---------------------------+-------+-------+-------++-------
  Melee: Long sword        |    84 |    84 |    15 ||   183
         Headbutt          |     8 |    17 |     2 ||    27
    Use: Potion            |       |       |     1 ||     1
 Armour: Scale mail        |    36 |    43 |     1 ||    80
  Dodge: Dodged            |    33 |    37 |     4 ||    74
  Block: Buckler           |    13 |    17 |     1 ||    31
